 Dungeon Crawl Stone Soup version 0.27.1-2-g3b301248ec (webtiles) character file.

Game seed: 1972697995932349507

935 MajorAdolf the Covert (level 8, -4/117 HPs)
             Began as a Naga Wanderer on Oct 2, 2021.
             Was an Initiate of Gozag.
             Succumbed to Duvessa's poison
             ... on level 4 of the Dungeon.
             The game lasted 00:09:53 (8818 turns).

MajorAdolf the Covert (Naga Wanderer)               Turns: 8818, Time: 00:09:53

Health: -4/117     AC:  3    Str: 19    XL:     8   Next: 11%
Magic:  8/8        EV:  9    Int: 13    God:    Gozag
Gold:   201        SH:  0    Dex: 15    Spells: 7/7 levels left

rFire    . . .     SeeInvis +   w - +7 war axe "Weecih" {freeze, Fly Will- Str+3 Dex+4}
rCold    . . .     Faith    .   (no shield)
rNeg     . . .     Spirit   .   o - +0 robe
rPois    +         Reflect  .   (no helmet)
rElec    .         Harm     .   (no cloak)
rCorr    .         Rampage  .   (no gloves)
Will     .....                  (no barding)
Stlth    ..........             q - amulet of the acrobat
HPRegen  0.29/turn              (no ring)
MPRegen  0.11/turn              (no ring)

@: berserking, lethally poisoned (-4 -> -35), flying, quick
A: AC +2, large, see invisible, deformed body, poison resistance, slowness 2,
spit poison 1, naga tail 1
a: Spit Poison, Renounce Religion, Potion Petition, Call Merchant, Bribe Branch


You were on level 4 of the Dungeon.
You worshipped Gozag.
Gozag was aware of your devotion.
You visited 2 branches of the dungeon, and saw 6 of its levels.

You collected 241 gold pieces.
You paid 40 gold pieces to Gozag.

Inventory:

Hand Weapons
 a - a +2 shortbow
 j - a +4 dagger of pain
 m - a +2 dagger of venom
 v - a +3 flail
 w - the +7 war axe "Weecih" (weapon) {freeze, Fly Will- Str+3 Dex+4}
   (You found it on level 5 of the Dungeon)

   It freezes those it strikes, dealing additional cold damage.
   It can also slow down cold-blooded creatures.
   Str:       It affects your strength (+3).
   Dex:       It affects your dexterity (+4).
   Fly:       It grants you flight.
   Will:      It decreases your willpower.
Missiles
 b - 55 arrows
 i - 42 sling bullets
Armour
 o - a +0 robe (worn)
Jewellery
 q - an amulet of the acrobat (around neck)
Wands
 t - a wand of polymorph (5)
 u - a wand of iceblast (8)
Scrolls
 d - 3 scrolls of identify {unknown}
 g - 2 scrolls of teleportation {unknown}
 h - a scroll of immolation {unknown}
 l - a scroll of enchant armour {unknown}
Potions
 c - 2 potions of berserk rage
 e - a potion of resistance {unknown}
 f - a potion of heal wounds {unknown}
 k - 3 potions of haste {unknown}
 n - a potion of magic {unknown}
 p - a potion of curing {unknown}
 r - a potion of mutation {unknown}
 s - a potion of might {unknown}


   Skills:
 + Level 6.4 Fighting
 - Level 1.0 Bows
 - Level 1.0 Throwing
 - Level 1.5 Armour
 + Level 9.6 Stealth
 - Level 3.0 Earth Magic
 + Level 2.1 Evocations


You had 7 spell levels left.
You didn't know any spells.
Your spell library contained the following spells:

 Spells                   Type           Power      Damage    Failure   Level
 Dazzling Flash           Conj/Hex       0%         N/A       67%         3
 Portal Projectile        Hex/Tloc       0%         N/A       67%         3
 Iskenderun's Mystic Bla  Conj/Tloc      0%         2d3       97%         4
 Blade Hands              Tmut           0%         N/A       100%        5
 Excruciating Wounds      Necr           0%         N/A       100%        5
 Starburst                Conj/Fire      0%         6d3       100%        6


Dungeon Overview and Level Annotations

Branches:
Dungeon (5/15)             Temple (1/1) D:4

Altars:
Cheibriados
Elyvilon
Fedhas
Gozag
Hepliaklqana
Kikubaaqudgha
Makhleb
Nemelex Xobeh
Okawaru
Ru
Sif Muna
Trog
Uskayaw
Vehumet
Wu Jian
Xom

Annotations:
D:1 exclusion: 2 downstairs
D:4 Dowan, Duvessa


Innate Abilities, Weirdness & Mutations

Your serpentine skin is tough. (AC +2)
You have supernaturally acute eyesight. (SInv)
Armour fits poorly on your strangely shaped body.
Your system is resistant to poisons. (rPois)
You cover ground very slowly.
You can spit poison.
You have a snake-like lower body.


Message History

Dowan barely misses you.
Your +2 dagger of venom stops dripping with poison.
You feel stronger.
You feel agile.
You fly up into the air.
The +7 war axe "Weecih" {freeze, Fly Will- Str+3 Dex+4} glows with a cold blue light!
w - the +7 war axe "Weecih" (weapon)
{freeze, Fly Will- Str+3 Dex+4} You feel sick.
Duvessa hits you with a +2 short sword of venom.
You completely miss Duvessa.
Duvessa is moderately wounded.
You hit Dowan. You freeze Dowan.
You feel very sick. Dowan closely misses you. Duvessa barely misses you.
Dowan hits you with a +0 dagger.
You hit Duvessa. You freeze Duvessa.
Duvessa is heavily wounded.
You miss Dowan.
You feel very sick.
Duvessa hits you with a +2 short sword of venom!
Dowan hits you with a +0 dagger.
Duvessa hits you with a +2 short sword of venom.
* * * LOW HITPOINT WARNING * * *
You are more poisoned.
You hit Duvessa. You freeze Duvessa.
Duvessa is almost dead.
You hit Dowan. You freeze Dowan.
* * * LOW HITPOINT WARNING * * *
You feel very sick. Dowan hits you with a +0 dagger.
* * * LOW HITPOINT WARNING * * *
Duvessa hits you with a +2 short sword of venom!
* * * LOW HITPOINT WARNING * * *
You are more poisoned.
Dowan hits you with a +0 dagger.
* * * LOW HITPOINT WARNING * * *
It was a potion of berserk rage.
A red film seems to cover your vision as you go berserk!
You feel yourself moving faster!
You feel mighty!
You die...
Your body crumbles into a pile of gold.

##...# ##.# ##.#
###.e..# #..# ##.#.
#......# ##..# #.##.
######[######...# ##.##.
##........####.#..#
#......### #...###
##..>#### #..## #ee###
#..# #.@# #.## #.##
#..#### #.# #....#. ##.#
#....#. #####..# ##....#
#..#...### ###.....#
##.......#######......#.
##....)(...........#...
#...>...............##


You could see Duvessa (poisoned) and Dowan.

Vanquished Creatures
  Sigmund (D:3)
  An ice beast (D:5)
  A centaur (D:5)
  A scorpion (D:4)
  A wyvern skeleton (D:5)
  A water moccasin skeleton (D:4)
  An orc priest (D:2)
  A hound (D:4)
  Jessica (D:3)
  Terence (D:2)
  3 iguanas
  Natasha (thrice) (D:2)
  An orc wizard (D:3)
  A hound skeleton (D:3)
  3 adders (D:2)
  An adder skeleton (D:4)
  A dart slug (D:2)
  10 orcs
  7 endoplasms
  A giant cockroach (D:3)
  8 goblins
  7 hobgoblins
  15 jackals
  10 kobolds
  2 quokkas (D:3)
  10 ball pythons
  7 bats
  8 frilled lizards
  10 rats
118 creatures vanquished.

Notes
Turn   | Place    | Note
-------+----------+-------------------------------------------
     0 | D:1      | MajorAdolf the Naga Wanderer began the quest for the Orb.
     0 | D:1      | MajorAdolf set off with the following items: a +2 shortbow,
                  | 23 arrows, a +0 hand axe, a +0 ring mail
     0 | D:1      | Reached XP level 1. HP: 19/19 MP: 1/1
    41 | D:1      | Reached skill level 2 in Stealth
   197 | D:1      | Reached XP level 2. HP: 21/27 MP: 2/2
   616 | D:1      | Reached skill level 3 in Stealth
  1013 | D:1      | Reached XP level 3. HP: 33/33 MP: 3/3
  2038 | D:2      | Noticed Terence
  2242 | D:2      | Reached skill level 4 in Stealth
  3657 | D:2      | Reached XP level 4. HP: 40/42 MP: 4/4
  3800 | D:2      | Killed Terence
  3801 | D:2      | Reached skill level 5 in Stealth
  3801 | D:2      | Reached XP level 5. HP: 40/50 MP: 5/5
  4297 | D:2      | Noticed Natasha
  4306 | D:2      | Killed Natasha
  4416 | D:2      | Found a faded altar of an unknown god.
  4699 | D:2      | Reached skill level 6 in Stealth
  4913 | D:2      | Noticed Natasha
  4932 | D:2      | Found a faded altar of an unknown god.
  4934 | D:2      | Killed Natasha
  5058 | D:2      | Noticed Natasha
  5065 | D:2      | Killed Natasha
  5066 | D:2      | Reached XP level 6. HP: 49/58 MP: 6/6
  5696 | D:3      | Noticed Sigmund
  5714 | D:3      | Killed Sigmund
  5715 | D:3      | Reached skill level 5 in Fighting
  5715 | D:3      | Reached skill level 7 in Stealth
  5715 | D:3      | Reached XP level 7. HP: 30/67 MP: 7/7
  5923 | D:3      | Reached skill level 8 in Stealth
  6025 | D:3      | Noticed Jessica
  6037 | D:3      | Killed Jessica
  7173 | D:4      | Found a staircase to the Ecumenical Temple.
  7240 | Temple   | Entered the Ecumenical Temple
  7396 | Temple   | Became a worshipper of Gozag Ym Sagoz the Greedy
  7475 | D:4      | Noticed Duvessa
  7477 | D:4      | Noticed Dowan
  7621 | D:4      | Reached skill level 9 in Stealth
  8064 | D:5      | Entered Level 5 of the Dungeon
  8243 | D:5      | Reached skill level 1 in Evocations
  8249 | D:5      | Identified the +7 war axe "Weecih" {freeze, Fly Will- Str+3
                  | Dex+4}
  8297 | D:5      | Reached XP level 8. HP: 21/76 MP: 8/8
  8817 | D:4      | HP: 3/78 [Duvessa (9)]
  8818 | D:4      | Succumbed to Duvessa's poison

Illustrated notes

Levels and vault maps discovered:
D:1:      tarquinn_simple_flora_water_a, layout_loops_cross
D:2:      layout_rooms, ebering_ecumenical_altar_box, grunt_ministairs_7,
          minmay_lizard_pond, uniq_natasha, uniq_terence
D:3:      layout_rooms, minmay_hedge_maze, minmay_starry_boxes, uniq_jessica,
          uniq_sigmund
D:4:      layout_layer_cave, minmay_temple_entry_glassed_door, uniq_duvessa
D:5:      layout_rooms, grunt_dithmenos_shadows
Temple:   eino_temple_rhombus

Skill      XL: |  1  2  3  4  5  6  7  8 |
---------------+-------------------------+-----
Stealth        | 2 3 4 5 6 7 9 |  9.6
Fighting       | 3 4 5 6 |  6.4
Evocations     | 1 2 |  2.1
Bows           | |  1.0
Throwing       | |  1.0
Armour         | |  1.5
Earth Magic    | |  3.0

Action                   |  1- 3 |  4- 6 |  7- 9 || total
-------------------------+-------+-------+-------++-------
Melee: Dagger            |    44 |   106 |    96 ||   246
       Hand axe          |     4 |       |       ||     4
       War axe           |       |       |    15 ||    15
       Flail             |       |       |     2 ||     2
 Abil: Spit Poison       |    44 |    33 |     7 ||    84
  Use: Potion            |       |       |     1 ||     1
 Stab: Sleeping          |     2 |     3 |     5 ||    10
       Distracted        |       |     1 |       ||     1
Armor: Ring mail         |     1 |       |       ||     1
       Skin              |     8 |    20 |       ||    28
       Robe              |       |       |    19 ||    19
Dodge: Dodged            |    29 |    56 |    50 ||   135
